 Dungeon Crawl Stone Soup version 0.29-a0-919-gd064cfad1c (webtiles) character file.

Game seed: 8139464413145358617

66 IdlyInterested the Poker (level 3, -10/27 HPs)
             Began as a Demonspawn Wanderer on July 26, 2022.
             Killed from afar by Natasha (14 damage)
             ... with a bolt of dispelling energy
             ... on level 2 of the Dungeon.
             The game lasted 00:03:42 (1681 turns).

IdlyInterested the Poker (Demonspawn Wanderer)      Turns: 1681, Time: 00:03:43

Health: -10/27     AC:  8    Str: 15    XL:     3   Next: 96%
Magic:  4/4        EV:  6    Int: 18    God:
Gold:   79         SH:  0    Dex: 10    Spells: 3/4 levels left

rFire   . . .      SeeInvis .   a - +2 spear
rCold   . . .      Faith    .   h - orb {*channel}
rNeg    . . .      Spirit   .   e - +0 chain mail
rPois   .          Reflect  .   (no helmet)
rElec   .          Harm     .   (no cloak)
rCorr   .          Rampage  .   (no gloves)
Will    .....                   (no boots)
Stlth   ..........              (no amulet)
HPRegen 0.09/turn               (no ring)
MPRegen 0.09/turn               (no ring)

@: no status effects
A: big brain 2
a: no special abilities


You were on level 2 of the Dungeon.
You visited 1 branch of the dungeon, and saw 2 of its levels.

You collected 79 gold pieces.

Inventory:

Hand Weapons
 a - a +2 spear (weapon)
Armour
 b - a +0 scale mail
 e - a +0 chain mail (worn)
 h - an orb of energy (worn)
Scrolls
 c - a scroll of butterflies
 d - 3 scrolls of teleportation {unknown}
 j - 2 scrolls of identify {unknown}
 k - a scroll of poison {unknown}
Potions
 f - a potion of mutation {unknown}
 g - 2 potions of curing {unknown}
 i - a potion of ambrosia {unknown}


   Skills:
 + Level 1.9 Fighting
 * Level 3.6 Polearms
 - Level 1.0 Armour
 - Level 1.0 Spellcasting
 - Level 2.0 Earth Magic
 * Level 2.6 Evocations


You had 3 spell levels left.
You knew the following spells:

 Your Spells              Type           Power      Damage    Failure   Level
a - Sandblast             Erth           16%        2d6       90%         1

Your spell library contained the following spells:

 Spells                   Type           Power      Damage    Failure   Level
 Stone Arrow              Conj/Erth      8%         3d7       100%        3
 Animate Armour           Summ/Erth      8%         N/A       100%        4
 Blade Hands              Tmut           0%         N/A       100%        5
 Iron Shot                Conj/Erth      2%         9d2       100%        6


Dungeon Overview and Level Annotations

Branches:
Dungeon (2/15)

Altars:

Annotations:
D:2 Natasha


Innate Abilities, Weirdness & Mutations

You have an extremely huge brain. (Int +4)


Message History

Okay, then.
Found 8 gold pieces.
You hit the rat.
The rat is severely wounded.
The rat bites you but does no damage.
You hit the rat.
You kill the rat!
You now have 79 gold pieces (gained 8).
A worm comes into view.
A bat comes into view.
The bat hits you but does no damage.
You hit the bat but do no damage. The bat closely misses you.
You hit the worm but do no damage. The bat hits you but does no damage. x2
The worm bites you.
You barely miss the worm. The bat hits you but does no damage.
You barely miss the worm. The bat barely misses you. The worm bites you.
You hit the worm.
The worm is moderately wounded.
The bat hits you but does no damage.
You hit the worm.
The worm is heavily wounded.
The bat hits you but does no damage. The worm bites you!
You hit the worm.
The worm is severely wounded.
The bat hits you but does no damage. The worm bites you but does no damage.
You hit the worm.
You kill the worm!
The bat hits you but does no damage. x2
You hit the bat.
You kill the bat!
You start resting.
Natasha, Servant of Life and Death comes into view.
She is carrying a wand of quicksilver (5).
Natasha hisses angrily.
Natasha zaps a wand.
The bolt of dispelling energy hits you!!
Ouch! That really hurt!
* * * LOW HITPOINT WARNING * * *
Natasha zaps a wand.
The bolt of dispelling energy hits you!
Ouch! That really hurt!
You die...

...#...##.......# #.#...
......##....#.÷# #.#...
####...##....##.###.#...
........................
.#####...#....##.#.......
#.......†#....##.........
#.....†..#....###........
.........#....# #..#.####
.......#@.....# ##.#.#
.......#......####...#
.#######...##........#
.h..##.......>#
...###......#..+
....#........#.##
....#........#.#
.....#....###.#.#
.....#........#.#


You could see Natasha.

Vanquished Creatures
  Natasha (D:2)
  An adder (D:2)
  A worm (D:2)
  2 dart slugs (D:1)
  2 bats (D:2)
  3 endoplasms
  3 hobgoblins (D:1)
  2 jackals (D:2)
  3 quokkas (D:1)
  A ball python (D:2)
  A frilled lizard (D:1)
  2 goblins
  4 rats
26 creatures vanquished.

Notes
Turn   | Place    | Note
-------+----------+-------------------------------------------
     0 | D:1      | IdlyInterested the Demonspawn Wanderer began the quest for
                  | the Orb.
     0 | D:1      | IdlyInterested set off with the following items: a +2
                  | spear, a +0 scale mail, a scroll of butterflies; and the
                  | following spell memorised: Sandblast; and the following
                  | spells available to memorise: Stone Arrow.
     0 | D:1      | Reached XP level 1. HP: 15/15 MP: 2/2
   193 | D:1      | Reached skill level 3 in Polearms
   270 | D:1      | Gained mutation: You have an unusually large brain. (Int
                  | +2) [demonic ancestry]
   270 | D:1      | Reached XP level 2. HP: 21/21 MP: 1/3
  1204 | D:2      | Gained mutation: You have an extremely huge brain. (Int +4)
                  | [demonic ancestry]
  1204 | D:2      | Reached XP level 3. HP: 6/27 MP: 4/4
  1501 | D:2      | Noticed Natasha
  1507 | D:2      | Killed Natasha
  1678 | D:2      | Noticed Natasha
  1681 | D:2      | Killed from afar by Natasha

Illustrated notes

Levels and vault maps discovered:
D:1:      dpeg_arrival_renting, layout_loops_ring
D:2:      layout_basic, basic_altar, minmay_split_cup_small, uniq_natasha

Skill      XL: |  1  2 |
---------------+-------+-----
Polearms       | 3 |  3.6
Earth Magic    | 2 |  2.0
Fighting       | |  1.9
Armour         | |  1.0
Spellcasting   | |  1.0
Evocations     | |  2.6

Action                   || total
-------------------------++-------
Melee: Spear             ||    70
 Cast: Sandblast         ||     3
Armor: Scale mail        ||     3
       Chain mail        ||    39
Dodge: Dodged            ||    16

Table legend: (Time is in decaauts)
 A = Elapsed time spent in this place.
 B = Non-inter-level travel time spent in this place.
 C = Inter-level travel time spent in this place.
 D = Time resting spent in this place.
 E = Time spent auto-exploring this place.
 F = Levels seen in this place.
 G = Mean time per level.
                   A        B        C        D        E       F      G
               +--------+--------+--------+--------+--------+-----+--------+
         Total |   1680 |   1483 |    197 |    534 |    686 |   2 |  840.0 |
       Dungeon |   1680 |   1483 |    197 |    534 |    686 |   2 |  840.0 |
               +--------+--------+--------+--------+--------+-----+--------+

Top non-repeatable levels by time:
     D:1: 1134 daAuts
     D:2: 545 daAuts
